 Dungeon Crawl Stone Soup version 0.25.0-11-g1f837a76a1 (webtiles) character file.

Game seed: 11158617264914000854

37497 Flugkiller the Cleaver (level 13, -2/128 HPs)
             Began as a Deep Dwarf Fighter on June 27, 2020.
             Was a High Priest of Makhleb.
             Slain by an ice devil (22 damage)
             ... summoned by Frances
             ... on level 14 of the Dungeon.
             The game lasted 00:09:56 (11387 turns).

Flugkiller the Cleaver (Deep Dwarf Fighter)        Turns: 11387, Time: 00:09:57

Health: -2/128     AC: 21    Str: 24    XL:     13   Next: 58%
Magic:  1/6        EV:  8    Int:  9    God:    Makhleb [*****.]
Gold:   1101       SH: 12    Dex: 13    Spells: 12/12 levels left

rFire    + . .     SeeInvis .   N - +2 war axe (vorpal)
rCold    . . .     Gourm    .   i - +0 kite shield
rNeg     . . .     Faith    +   a - +0 plate armour
rPois    +         Spirit   .   b - +0 helmet
rElec    .         Reflect  .   C - +0 cloak
rCorr    .         Harm     .   l - +0 pair of gloves "Nikastro" {rPois rC- MR- Slay+6}
MR       .....                  u - +1 pair of boots
Stlth    ..........             P - amulet of faith
HPRegen  0.00/turn              c - ring of protection from cold
MPRegen  0.10/turn              f - ring of protection from fire

@: non-regenerating
A: damage resistance, heal wounds, sense surroundings 2, no regeneration
a: Heal Wounds, Minor Destruction, Lesser Servant of Makhleb, Major Destruction,
Greater Servant of Makhleb, Renounce Religion


You were on level 14 of the Dungeon.
You worshipped Makhleb.
Makhleb was extremely pleased with you.
You were not hungry.

You visited 3 branches of the dungeon, and saw 20 of its levels.
You visited the Abyss 1 time.
You also visited: Gauntlet.

You collected 1101 gold pieces.

Inventory:

Hand Weapons
 N - a +2 vorpal war axe (weapon)
   (You found it on level 6 of the Dungeon)
Missiles
 E - 2 throwing nets (quivered)
Armour
 a - a +0 plate armour (worn)
   (You took it off a minotaur in a Gauntlet)
 b - a +0 helmet (worn)
   (You found it on level 13 of the Dungeon)
 i - a +0 kite shield (worn)
 l - the +0 pair of gloves "Nikastro" (worn) {rPois rC- MR- Slay+6}
   (You found it on level 9 of the Dungeon)

   It affects your accuracy and damage with ranged weapons and melee attacks
   (+6).
   It makes you vulnerable to cold.
   It protects you from poison.
   It affects your resistance to hostile enchantments.
 u - a +1 pair of boots (worn)
   (You found it on level 5 of the Dungeon)
 y - a +1 pair of gloves
   (You found it on level 8 of the Dungeon)
 C - a +0 cloak (worn)
   (You took it off Maurice on level 10 of the Dungeon)
Jewellery
 c - a ring of protection from cold (left hand)
   (You found it on level 2 of the Dungeon)
 f - a ring of protection from fire (right hand)
   (You found it on level 4 of the Lair of Beasts)
 k - an uncursed ring of resist corrosion
   (You found it on level 3 of the Dungeon)
 m - an uncursed ring of protection from magic
   (You found it on level 10 of the Dungeon)
 o - an uncursed ring of poison resistance
   (You found it on level 3 of the Lair of Beasts)
 P - an amulet of faith (around neck)
   (You found it on level 5 of the Lair of Beasts)
Wands
 g - a wand of iceblast (21)
   (You found it on level 7 of the Dungeon)
 v - a wand of digging (2)
   (You took it off Maurice on level 10 of the Dungeon)
 L - a wand of enslavement (9)
   (You found it in a Gauntlet)
Scrolls
 r - 3 scrolls of identify
 s - 5 scrolls of fear
 t - 4 scrolls of teleportation
 x - 4 scrolls of remove curse
 z - 3 scrolls of blinking
 D - 2 scrolls of immolation
 F - 2 scrolls of magic mapping
 H - a scroll of brand weapon
 J - 3 scrolls of enchant armour
 Q - a scroll of fog
Potions
 d - a potion of might
 h - 3 potions of haste
 j - 5 potions of brilliance
 n - 3 potions of resistance
 p - 2 potions of mutation
 q - 4 potions of curing
 w - 5 potions of heal wounds
 A - 3 potions of flight
 B - 4 potions of lignification
 G - a potion of invisibility
 I - a potion of ambrosia {unknown}
 K - a potion of cancellation
Miscellaneous
 O - a tin of tremorstones (3/3)
   (You found it on level 4 of the Lair of Beasts)
Comestibles
 e - 30 rations
 M - 4 chunks of flesh


   Skills:
 * Level 11.6 Fighting
 * Level 13.4 Axes
 + Level 10.3 Armour
 + Level 4.9 Dodging
 + Level 10.3 Shields
 + Level 10.6 Invocations
 + Level 4.0 Evocations


You had 12 spell levels left.
You didn't know any spells.
Your spell library was empty.

Dungeon Overview and Level Annotations

Branches:
Dungeon (14/15)            Temple (1/1) D:5            Lair (5/6) D:10
  Swamp (0/4) Lair:4        Snake (0/4) Lair:4        Slime (0/5) Lair:5
    Orc (0/2) D:11        Gauntlet (visited)
 Vaults: D:13-14

Altars:
Cheibriados
Elyvilon
Fedhas
Gozag
Makhleb
Nemelex Xobeh
Trog
Uskayaw
Vehumet
Wu Jian
Xom
Zin
The Shining One
Jiyva

Annotations:
D:5 2 transporters, grindst0ne's ghost, weakling FeTm
D:9 2 transporters, p0werm0de's ghost, novice DDFi
D:14 Frances
Lair:5 exclusion: oklob plant


Innate Abilities, Weirdness & Mutations

You are resistant to damage.
You can heal yourself by infusing magical energy.
You passively map the area around you.
You do not regenerate.


Message History

The chaos spawn hits you.
You feel your power leaking away.
Frances mutters in a terrible tongue.
You block the iron shot.
The orange demon stings you but does no damage.
The ice devil hits you but does no damage.
Frances mutters in a terrible tongue.
The iron shot hits you!!!
Ouch! That really hurt!
* * * LOW HITPOINT WARNING * * *
You feel much better. The chaos spawn hits you!
* * * LOW HITPOINT WARNING * * *
You are engulfed in flames.
You resist.
* * * LOW HITPOINT WARNING * * *
You block Frances's attack.
The orange demon stings you but does no damage.
The ice devil hits you.
* * * LOW HITPOINT WARNING * * *
The ice devil freezes you!!
You die...

, , ,,#........# , ,
........#.....[..# , , ,
........#........# , ,,
........#........# *, ,
......#........# *,, ,,,
.....#........# '**
#..###..##...#
*#..###D@###..##...#
.......4@....'....# , *
......44.....#....# , ,
.............#..).#
,,#########+##########'###
,,#.(....#...............#
,
,#......#...............#
#......#...............#
##......#...............#
#....<..#...............#


You could see Frances, a seven-headed hydra, an orange demon (summoned), an ice
devil (summoned) and a chaos spawn (summoned).

Vanquished Creatures
  An angel (Abyss:1)
  A minotaur (Gauntlet)
  Harold (D:10)
  A rakshasa (Abyss:1)
  3 two-headed ogres
  Sonja (Lair:1)
  3 skeletal warriors (D:12)
  An unseen horror (D:13)
  A wizard (D:12)
  A necromancer (Gauntlet)
  A cyclops (D:13)
  A moth of wrath (Gauntlet)
  Maurice (D:10)
  2 black mambas
  Joseph (D:7)
  Psyche (D:9)
  A gargoyle (D:12)
  6 spiny frogs
  A kobold demonologist (D:12)
  3 komodo dragons
  A rime drake (Lair:4)
  2 bog bodies (Lair:4)
  3 hippogriffs
  3 hornets (D:8)
  3 slime creatures (D:12)
  13 flying skulls (Gauntlet)
  2 redbacks (Gauntlet)
  A wyvern (D:8)
  A vampire (D:12)
  15 yaks
  A hungry ghost (D:13)
  4 vampire mosquitoes (D:12)
  2 basilisks (Lair:3)
  2 swamp worms (Lair:4)
  Edmund (D:6)
  3 nagas (Lair:4)
  Duvessa (D:4)
  10 water moccasins
  An orc warrior (D:10)
  14 porcupines
  7 ice beasts
  6 black bears
  3 sky beasts
  6 ogres
  12 wolves
  7 centaurs
  4 crocodiles
  6 big kobolds
  15 bullfrogs
  A gnoll sergeant (D:8)
  Dowan (D:4)
  7 scorpions
  A small abomination (Abyss:1)
  7 killer bees
  An electric eel (Lair:4)
  7 howler monkeys
  9 crimson imps
  2 bullfrog zombies
  A centaur zombie (D:10)
  A quasit (D:12)
  4 centaur skeletons
  4 hounds
  6 orc priests
  9 jellies
  7 orc wizards
  A gnoll shaman (D:9)
  An iron imp (Abyss:1)
  2 iguanas
  6 worker ants
  2 hound skeletons
  14 gnolls
  3 worker ant zombies
  13 adders
  2 shadow imps
  An ooze (D:3)
  An adder skeleton (D:4)
  2 worms
  2 dart slugs (D:4)
  2 leopard geckos
  40 orcs
  5 giant cockroaches
  3 goblins
  2 hobgoblins
  6 jackals (D:9)
  5 quokkas
  5 frilled lizards
  A jackal skeleton (D:4)
  20 kobolds
  A leopard gecko skeleton (D:5)
  3 rats
  7 fungi
  6 plants
405 creatures vanquished.

Vanquished Creatures (collateral kills)
  5 hydras
  A skeletal warrior (D:12)
  2 spiny frogs
  A yak (Lair:5)
  3 ice beasts (Lair:5)
  A crocodile (Lair:2)
  A bullfrog (Lair:5)
  A fungus (Lair:2)
15 creatures vanquished.

Vanquished Creatures (others)
  4 fungi
  12 plants (Gauntlet)
16 creatures vanquished.

Grand Total: 436 creatures vanquished

Notes
Turn   | Place    | Note
-------+----------+-------------------------------------------
     0 | D:1      | Flugkiller the Deep Dwarf Fighter began the quest for the
                  | Orb.
     0 | D:1      | Reached XP level 1. HP: 20/20 MP: 1/1
   110 | D:2      | Reached XP level 2. HP: 12/27 MP: 2/2
   240 | D:3      | Reached skill level 3 in Axes
   240 | D:3      | Reached XP level 3. HP: 32/34 MP: 3/3
   325 | D:3      | Reached XP level 4. HP: 32/42 MP: 4/4
   391 | D:4      | Reached XP level 5. HP: 36/49 MP: 4/4
   422 | D:4      | Reached skill level 4 in Axes
   472 | D:4      | Noticed Dowan
   473 | D:4      | Noticed Duvessa
   487 | D:4      | Killed Duvessa
   487 | D:4      | Reached XP level 6. HP: 45/57 MP: 3/3
   488 | D:4      | Killed Dowan
   806 | D:4      | Reached skill level 5 in Axes
  1104 | D:5      | Entered Level 5 of the Dungeon
  1106 | D:5      | Noticed grindst0ne's ghost (weakling FeTm)
  1109 | D:5      | Found a staircase to the Ecumenical Temple.
  1116 | D:5      | Reached XP level 7. HP: 54/66 MP: 4/4
  1123 | Temple   | Entered the Ecumenical Temple
  1207 | Temple   | Became a worshipper of Makhleb the Destroyer
  1366 | D:5      | Found a transporter.
  1377 | D:5      | Reached skill level 1 in Invocations
  1392 | D:5      | Reached skill level 5 in Fighting
  1418 | D:5      | Reached skill level 5 in Armour
  1418 | D:5      | Reached skill level 5 in Shields
  1497 | D:5      | Reached skill level 6 in Axes
  1619 | D:5      | Found a transporter.
  1794 | D:6      | Reached XP level 8. HP: 57/75 MP: 6/6
  1981 | D:6      | Noticed Edmund
  1998 | D:6      | Killed Edmund
  2163 | D:6      | Reached * piety under Makhleb
  2640 | D:7      | Noticed Joseph
  2641 | D:7      | Reached skill level 7 in Axes
  2665 | D:7      | Killed Joseph
  2665 | D:7      | Gained mutation: You passively map the area around you.
                  | [Deep Dwarf growth]
  2665 | D:7      | Reached XP level 9. HP: 85/85 MP: 6/8
  2751 | D:7      | Found a burning altar of Makhleb.
  2751 | D:7      | Noticed a balrug
  3031 | D:7      | Reached skill level 8 in Axes
  3289 | D:8      | Reached skill level 5 in Invocations
  3294 | D:8      | Paralysed by a hornet for 3 turns
  3300 | D:8      | Paralysed by a hornet for 1 turns
  3303 | D:8      | Reached ** piety under Makhleb
  3315 | D:8      | Paralysed by a hornet for 3 turns
  3323 | D:8      | Paralysed by a hornet for 3 turns
  3335 | D:8      | Paralysed by a hornet for 3 turns
  3337 | D:8      | HP: 4/86 [wyvern (4)]
  3653 | D:8      | Reached skill level 9 in Axes
  3672 | D:8      | Reached XP level 10. HP: 75/96 MP: 8/8
  3825 | D:9      | Found an opulent altar of Gozag.
  3869 | D:9      | Noticed a two-headed ogre
  3872 | D:9      | Identified the +8 great mace "Zenliud" {vorpal, Int+2}
  3872 | D:9      | Noticed a two-headed ogre
  3873 | D:9      | Noticed p0werm0de's ghost (novice DDFi)
  3901 | D:9      | Got a pair of polished gloves
  3912 | D:9      | Identified the cursed +0 pair of gloves "Nikastro" {rPois
                  | rC- MR- Slay+6} (You found it on level 9 of the Dungeon)
  3958 | D:9      | Noticed Psyche
  3961 | D:9      | Cast into level 1 of the Abyss (Psyche)
  3989 | Abyss:1  | Noticed a rakshasa
  4015 | Abyss:1  | Killed a rakshasa
  4046 | Abyss:1  | Noticed an angel
  4094 | Abyss:1  | Killed an angel
  4094 | Abyss:1  | Reached skill level 10 in Axes
  4096 | D:9      | Escaped the Abyss
  4109 | D:9      | Killed Psyche
  4143 | D:9      | Reached *** piety under Makhleb
  4176 | D:9      | You fall into a shaft and drop 1 floor!
  4176 | D:10     | Entered Level 10 of the Dungeon
  4345 | D:10     | Noticed a two-headed ogre
  4350 | D:10     | Killed a two-headed ogre
  4350 | D:10     | Reached XP level 11. HP: 99/106 MP: 9/9
  4480 | D:10     | Found a staircase to the Lair.
  4689 | D:10     | Noticed Maurice
  4701 | D:10     | Killed Maurice
  4927 | D:10     | Noticed Harold
  4941 | D:10     | Killed Harold
  5149 | D:9      | Found a transporter.
  5171 | D:9      | Found a transporter.
  5246 | D:9      | Found a radiant altar of Vehumet.
  5409 | Lair:1   | Entered Level 1 of the Lair of Beasts
  5504 | Lair:1   | Noticed Sonja
  5513 | Lair:1   | Killed Sonja
  5513 | Lair:1   | Reached skill level 11 in Axes
  6090 | Lair:2   | Noticed a four-headed hydra
  6116 | Lair:2   | Killed a seven-headed hydra
  6229 | Lair:2   | Noticed a four-headed hydra
  6258 | Lair:2   | Killed a nine-headed hydra
  6258 | Lair:2   | Reached skill level 10 in Fighting
  6314 | Lair:2   | Noticed an eight-headed hydra
  6319 | Lair:2   | Noticed a six-headed hydra
  6323 | Lair:2   | Killed an eight-headed hydra
  6336 | Lair:2   | Killed a six-headed hydra
  6433 | Lair:2   | Reached XP level 12. HP: 74/116 MP: 8/8
  6991 | Lair:3   | Reached skill level 1 in Dodging
  7081 | Lair:3   | Reached skill level 12 in Axes
  7161 | Lair:3   | Found a gate leading to a gauntlet.
  7170 | Gauntlet | Entered a Gauntlet
  7170 | Gauntlet | Found a transporter.
  7170 | Gauntlet | Found a transporter.
  7174 | Gauntlet | Found a transporter.
  7174 | Gauntlet | Found a transporter.
  7183 | Gauntlet | Noticed a cacodemon
  7192 | Gauntlet | Found a transporter.
  7192 | Gauntlet | Noticed a great orb of eyes
  7194 | Gauntlet | Found a transporter.
  7194 | Gauntlet | Found a transporter.
  7198 | Gauntlet | Found a transporter.
  7229 | Gauntlet | Found a transporter.
  7232 | Gauntlet | Found a transporter.
  7264 | Gauntlet | Found a transporter.
  7310 | Gauntlet | Found a transporter.
  7324 | Gauntlet | Found a transporter.
  7415 | Gauntlet | Found a transporter.
  7424 | Gauntlet | Found a transporter.
  7438 | Gauntlet | Found a transporter.
  7602 | Gauntlet | Reached **** piety under Makhleb
  7665 | Gauntlet | Got a pair of faintly glowing boots
  7676 | Gauntlet | Identified the +1 pair of boots "Guujysoori" {rF- rN+
                  | Dex+2} (You found it in a Gauntlet)
  7810 | Gauntlet | Identified the +10 morningstar of Absolution {distort,
                  | rElec rF+ rN+ Str+3}
  7810 | Gauntlet | Noticed a minotaur
  7819 | Gauntlet | Killed a minotaur
  8590 | Lair:4   | Found a staircase to the Snake Pit.
  8958 | Lair:4   | Reached skill level 10 in Invocations
  9170 | Lair:4   | Reached skill level 1 in Evocations
  9177 | Lair:4   | Found a staircase to the Swamp.
  9452 | Lair:5   | Noticed an eight-headed hydra
  9465 | Lair:5   | Killed an eight-headed hydra
  9532 | Lair:5   | Reached XP level 13. HP: 58/127 MP: 9/9
  9666 | Lair:5   | Found a frozen archway.
  9847 | Lair:5   | Found a staircase to the Slime Pits.
  9848 | Lair:5   | Found a viscous altar of Jiyva.
 10433 | D:11     | Found a staircase to the Orcish Mines.
 10442 | D:11     | Reached skill level 13 in Axes
 10445 | D:11     | Reached ***** piety under Makhleb
 10450 | D:11     | Reached skill level 10 in Shields
 10614 | D:12     | Reached skill level 10 in Armour
 11359 | D:14     | Noticed Frances
 11387 | D:14     | Slain by an ice devil

Illustrated notes

Levels and vault maps discovered:
D:1:      dpeg_arrival_pond, layout_basic
D:2:      layout_loops_ring, gammafunk_temple_overflow_wave
D:3:      layout_rooms, first_ration
D:4:      layout_loops_ring, uniq_duvessa
D:5:      layout_cave_pools, minmay_temple_entry_proselytizer,
          gammafunk_ghost_arena
D:6:      layout_basic, uniq_edmund
D:7:      layout_rooms, makhleb_altar_promises_db, uniq_joseph
D:8:      layout_rooms, hangedman_pestilent_swarm
D:9:      layout_cave_pools, gammafunk_ghost_smash, kennysheep_flooded_box,
          grunt_gozag_statues, uniq_psyche
D:10:     layout_stronghold, grunt_lair_entry_orc_guard_hut, uniq_harold,
          uniq_maurice
D:11:     layout_irregular_city, david_orc_2
D:12:     layout_loops_cross, minmay_checkerbox
D:13:     layout_loops_cross, ximxim_vaults_locker_room
D:14:     layout_gridville, uniq_frances
Temple:   regret_index_temple_chain_breaker
Lair:1:   layout_regular_city, eino_small_chamber_without_monster,
          lemuel_fruit_fields, uniq_sonja
Lair:2:   layout_chaotic_city
Lair:3:   layout_regular_city, gauntlet_entry_generic
Lair:4:   layout_regular_city, nicolae_swamp_entry_splash_gauntlet,
          minmay_snake_entry_guardpost_small, chequers_serial_rivers_micro_d
Lair:5:   layout_cave_pods, slime_altar_1, portal_ice_cave_entry_ice_beasts,
          minmay_lair_oklob_chamber, serial_bayou_shore_a

Skill      XL: |  1  2  3  4  5  6  7  8  9 10 11 12 13 |
---------------+----------------------------------------+-----
Fighting       | 3 4 5 6 7 9 10 11 | 11.6
Axes           | 3 4 5 6 7 9 10 11 12 13 | 13.4
Armour         | 4 5 6 7 9 10 | 10.3
Shields        | 4 5 6 7 8 9 10 | 10.3
Invocations    | 2 4 5 7 8 10 | 10.6
Dodging        | 3 4 |  4.9
Evocations     | 1 4 |  4.0

Action                   |  1- 3 |  4- 6 |  7- 9 | 10-12 | 13-15 || total
-------------------------+-------+-------+-------+-------+-------++-------
Melee: War axe           |    67 |   141 |   303 |   556 |   267 ||  1334
Invok: Lesser Servant of |       |       |       |    12 |     2 ||    14
 Abil: Heal Wounds       |     2 |     6 |    19 |    28 |     9 ||    64
Evoke: Wand              |       |       |     1 |     4 |       ||     5
  Use: Scroll            |       |       |    20 |     3 |     6 ||    29
       Potion            |       |       |       |     1 |     1 ||     2
 Stab: Distracted        |       |       |       |     1 |     1 ||     2
       Confused          |       |       |       |     2 |       ||     2
  Eat: Ration            |       |       |     1 |     2 |     1 ||     4
       Chunk             |       |       |     7 |    12 |     5 ||    24
Armor: Scale mail        |    22 |    58 |   115 |   212 |       ||   407
       Plate armour      |       |       |       |    49 |   115 ||   164
Dodge: Dodged            |    18 |    28 |   101 |   176 |    53 ||   376
Block: Kite shield       |    25 |    99 |   203 |   350 |   136 ||   813
